Map: Efflorescence LE

Players

FuNdaMentaL

  • Race: Protoss Protoss
  • Spawn Location: 3:00

DJB

  • Race: Zerg Zerg
  • Spawn Location: 12:00

qqq - Winner!

  • Race: Protoss Protoss
  • Spawn Location: 6:00

Massa - Winner!

  • Race: Terran Terran
  • Spawn Location: 9:00

VOD

Have the link to the VOD?

Description

Time

  • Played on: June 11, 2020, 11:35 a.m.
  • Length: 12:16
Show
View Real Time Build Order
Export as new Build Order

FuNdaMentaL Protoss 

Build Orders:  

Get SALT Encoding   

  12  0:01  Probe  
  13  0:17  Probe, Pylon  
  14  0:25  Probe  
  15  0:40  Gateway  
  15  0:43  Probe  
  16  0:55  Probe  
  17  1:07  Probe  
  18  1:15  Assimilator  
  18  1:18  Assimilator  
  18  1:19  Probe  
  19  1:31  Probe  
  20  1:36  Cybernetics Core  
  20  1:39  Pylon  
  20  1:43  Probe  
  21  1:51  Probe  
  21  1:59  Probe  
  23  2:09  Probe  
  23  2:15  Stalker  
  24  2:22  Probe  
  24  2:23  Warp Gate  
  24  2:28  Pylon  
  26  2:32  Nexus  
  26  2:36  Probe  
  27  2:54  Probe  
  28  3:14  Stalker  
  28  3:19  Gateway  
  30  3:20  Gateway  
  30  3:22  Gateway  
  30  3:32  Pylon  
  30  3:37  Robotics Facility  
  30  3:38  Probe  
  31  3:50  Probe  
  32  4:10  Probe  
  32  4:13  Stalker x2  
  35  4:46  Stalker x4  
  41  5:18  Stalker  
  41  5:19  Stalker x3  
  49  5:40  Probe  
  49  5:41  Observer  
  51  5:45  Gateway  
  51  5:46  Gateway  
  51  5:47  Gateway  
  51  5:50  Pylon  
  45  6:25  Stalker x4  
  39  6:29  Observer  
  42  6:33  Shield Battery  
  42  6:35  Probe  
  42  6:37  Forge  
  41  6:45  Immortal  
  41  6:47  Probe  
  41  6:48  Stalker x3  
  41  6:49  Stalker  
  50  6:59  Probe, Pylon  
  55  7:30  Stalker x2  
  55  7:31  Stalker x2  
  55  7:35  Pylon  
  63  7:39  Protoss Ground Weapons Level 1  
  63  7:43  Stalker x3  
  69  7:55  Probe  
  69  7:59  Twilight Council  
  69  8:03  Probe  
  69  8:04  Shield Battery  
  71  8:13  Probe  
  71  8:15  Probe, Blink  
  73  8:25  Probe  
  74  8:32  Probe  
  75  8:40  Stalker x2  
  79  8:54  Stalker x2  
  83  8:58  Assimilator  
  83  9:00  Assimilator  
  83  9:24  Nexus  
  83  9:29  Assimilator  
  83  9:30  Probe  
  84  9:37  Pylon  
  84  9:43  Probe  
  85  9:49  Pylon  
  85  9:52  Pylon  
  84  10:07  Protoss Ground Armor Level 1  
  84  10:11  Pylon  
  84  10:27  Pylon  
  80  10:33  Pylon  
  79  10:51  Stalker x4  
  79  10:52  Stalker x3  
  75  11:31  Stalker x5  
  85  11:34  Immortal  
Show
View Real Time Build Order
Export as new Build Order

DJB Zerg 

Build Orders: Hatch First 

Get SALT Encoding   

  12  0:01  Drone  
  13  0:13  Overlord  
  13  0:25  Drone  
  14  0:31  Drone x2  
  16  0:37  Drone  
  17  0:47  Drone  
  18  0:57  Drone  
  18  1:03  Hatchery  
  18  1:19  Drone, Spawning Pool  
  18  1:20  Drone  
  19  1:26  Extractor  
  18  1:34  Drone  
  19  1:44  Overlord  
  19  1:52  Drone  
  20  1:58  Extractor  
  19  2:07  Drone  
  20  2:09  Queen  
  20  2:14  Queen  
  24  2:17  Zergling x4  
  26  2:24  Evolution Chamber  
  26  2:28  Metabolic Boost  
  25  2:34  Drone x3  
  28  2:39  Zergling x2  
  29  2:48  Zergling x4  
  31  2:57  Drone  
  32  2:59  Zerg Melee Weapons Level 1  
  32  3:01  Overlord  
  32  3:09  Zergling x4  
  34  3:19  Overlord  
  34  3:20  Drone  
  34  3:22  Drone  
  34  3:25  Drone  
  37  3:32  Drone x2  
  39  3:36  Drone  
  40  3:44  Baneling Nest  
  40  3:46  Drone  
  41  3:48  Drone  
  41  3:51  Drone  
  42  3:57  Drone  
  42  3:58  Drone  
  42  3:59  Drone  
  42  4:02  Drone  
  46  4:04  Drone  
  47  4:10  Drone x2  
  47  4:12  Drone  
  47  4:14  Drone  
  51  4:19  Overlord  
  46  4:52  Zergling x8  
  48  4:53  Zergling x8  
  52  5:04  Lair  
  52  5:07  Overlord  
  52  5:08  Overlord  
  52  5:12  Extractor x2  
  52  5:13  Overlord  
  50  5:30  Drone x3  
  50  5:33  Baneling  
  50  5:34  Baneling x6  
  50  5:35  Baneling x2  
  45  6:21  Hatchery, Spire x2, Spore Crawler  
  45  6:22  Spore Crawler  
  45  6:25  Spore Crawler x2  
  39  6:28  Drone x6  
  39  6:30  Drone x6  
  39  6:31  Drone x3  
  53  6:36  Zergling x2  
  53  6:37  Zergling x6  
  57  6:47  Zergling x4  
  57  6:53  Zergling x2  
  60  6:58  Zergling x6  
  60  7:00  Overlord  
  63  7:12  Queen  
  63  7:34  Mutalisk x2  
  63  7:35  Mutalisk x7  
  81  7:41  Zerg Flyer Armor Level 1, Zerg Flyer Weapons Level 1  
  81  7:44  Mutalisk x2  
  81  7:47  Mutalisk  
  81  7:49  Queen  
  89  7:57  Drone  
  89  7:58  Overlord x2  
  90  8:15  Overlord  
  90  8:16  Overlord x2  
  90  8:22  Drone x6  
  90  8:24  Queen  
  98  8:28  Overlord x2  
  98  8:34  Drone  
  98  8:35  Drone x2, Spore Crawler  
  98  8:38  Spore Crawler  
  91  8:54  Spore Crawler  
  73  9:18  Hydralisk Den  
  72  9:24  Evolution Chamber  
  72  9:25  Zerg Missile Weapons Level 1  
  72  9:30  Drone x3  
  72  9:31  Drone x7  
  79  9:34  Drone x2, Extractor  
  79  9:35  Drone x2  
  79  9:36  Extractor  
  83  9:44  Overseer x2  
  83  9:47  Pneumatized Carapace  
  83  9:51  Grooved Spines, Hydralisk x3  
  89  9:56  Hydralisk x3  
  94  10:05  Hydralisk  
  94  10:06  Hydralisk x6  
  108  10:14  Zerg Ground Armor Level 1  
  108  10:20  Hydralisk x5  
  118  10:27  Hydralisk  
  120  10:28  Overlord x3  
  120  10:29  Overlord  
  120  10:34  Drone  
  106  10:58  Hydralisk x3  
  106  10:59  Hydralisk x7  
  106  11:00  Hydralisk x3  
  106  11:02  Muscular Augments  
  119  11:09  Hydralisk x4  
  117  11:22  Overlord  
  117  11:23  Overlord x4  
Show
View Real Time Build Order
Export as new Build Order

qqq Protoss - Winner!

Build Orders: Phoenix Opening 

Get SALT Encoding   

  12  0:03  Probe  
  13  0:19  Pylon  
  13  0:24  Probe  
  14  0:36  Probe  
  14  0:38  Gateway  
  15  0:50  Probe  
  16  1:06  Pylon  
  16  1:28  Probe  
  16  1:29  Pylon  
  17  1:38  Assimilator, Cybernetics Core  
  17  1:40  Probe  
  18  1:52  Probe  
  19  2:04  Probe  
  20  2:16  Probe  
  21  2:26  Assimilator  
  21  2:27  Nexus  
  21  2:28  Probe  
  22  2:40  Probe  
  23  2:52  Pylon  
  23  2:53  Probe  
  24  3:07  Forge  
  24  3:09  Stargate  
  24  3:17  Probe  
  25  3:26  Assimilator  
  25  3:29  Probe  
  25  3:32  Assimilator  
  26  3:36  Stargate  
  26  3:39  Probe  
  26  3:41  Probe  
  27  3:48  Probe  
  28  3:53  Probe  
  30  3:55  Phoenix  
  30  3:57  Probe  
  33  4:05  Probe  
  33  4:09  Probe  
  35  4:12  Robotics Facility  
  35  4:14  Pylon  
  35  4:17  Probe  
  35  4:21  Probe  
  37  4:30  Phoenix  
  39  4:33  Probe  
  40  4:45  Probe, Phoenix  
  43  4:53  Photon Cannon  
  43  4:55  Phoenix  
  43  4:57  Probe  
  46  5:09  Pylon  
  46  5:10  Phoenix  
  48  5:20  Photon Cannon  
  48  5:24  Phoenix  
  50  5:35  Observer, Phoenix  
  53  5:43  Fleet Beacon  
  46  6:31  Phoenix x2  
  50  6:45  Anion Pulse-Crystals  
  50  6:56  Phoenix x2  
  54  7:09  Protoss Air Weapons Level 1  
  54  7:21  Phoenix  
  55  7:45  Phoenix  
  55  7:46  Phoenix  
  59  8:10  Phoenix  
  59  8:11  Phoenix  
  63  8:20  Nexus  
  63  8:22  Pylon  
  63  8:24  Pylon  
  63  8:25  Probe  
  64  8:27  Pylon  
  64  8:35  Phoenix x2, Nexus  
  64  8:37  Probe  
  67  8:49  Probe  
  68  9:00  Phoenix  
  68  9:01  Probe, Carrier  
  77  9:13  Probe  
  78  9:26  Stargate  
  78  9:30  Stargate  
  78  9:32  Tempest  
  78  9:33  Pylon  
  78  9:35  Pylon  
  78  9:38  Probe  
  84  9:41  Pylon  
  84  9:43  Pylon  
  84  9:46  Pylon  
  84  9:50  Probe  
  85  9:53  Pylon  
  85  10:02  Probe  
  85  10:05  Carrier  
  90  10:14  Probe  
  90  10:15  Phoenix  
  90  10:16  Photon Cannon  
  90  10:19  Photon Cannon  
  93  10:21  Photon Cannon  
  93  10:23  Observer  
  93  10:24  Photon Cannon  
  94  10:28  Tempest  
  98  11:01  Carrier  
  104  11:21  Probe  
  94  11:33  Probe  
  95  11:45  Probe  
  95  11:57  Probe  
Show
View Real Time Build Order
Export as new Build Order

Massa Terran - Winner!

Build Orders:  

Get SALT Encoding   

  12  0:10  Supply Depot  
  12  0:13  SCV  
  13  0:25  SCV  
  14  0:36  Barracks  
  14  0:39  SCV  
  15  0:51  SCV  
  16  1:03  SCV  
  17  1:34  Barracks  
  17  1:38  Command Center  
  17  1:52  Refinery  
  18  1:54  SCV  
  18  1:55  Refinery  
  18  2:03  Supply Depot  
  18  2:12  Marine  
  18  2:22  Marine  
  19  2:28  SCV  
  20  2:30  Marine  
  20  2:35  Supply Depot  
  21  2:40  SCV  
  22  2:48  Marine  
  23  2:51  Barracks Tech Lab  
  23  2:52  SCV  
  24  3:04  SCV  
  24  3:05  SCV  
  26  3:13  Concussive Shells  
  26  3:16  SCV  
  26  3:17  SCV  
  28  3:28  Barracks Tech Lab  
  28  3:29  Factory  
  28  3:33  Orbital Command  
  28  3:42  Marauder  
  30  3:55  SCV  
  31  3:59  SCV  
  32  4:04  Marauder  
  32  4:07  SCV  
  32  4:09  Stimpack  
  35  4:13  Factory Tech Lab  
  35  4:15  Marauder  
  37  4:19  SCV  
  37  4:23  Engineering Bay  
  38  4:27  SCV  
  39  4:31  SCV  
  40  4:39  SCV  
  41  4:52  Marauder x2  
  45  4:54  Siege Tank  
  48  5:07  Combat Shield  
  48  5:13  Marauder, Marine  
  51  5:20  Starport  
  51  5:24  SCV  
  51  5:27  Orbital Command  
  52  5:31  Marine  
  52  5:32  Refinery  
  52  5:34  Marine  
  54  5:35  Missile Turret  
  54  5:38  Terran Infantry Weapons Level 1  
  54  5:44  Supply Depot  
  54  5:46  Supply Depot  
  54  5:51  Supply Depot  
  54  6:06  SCV, Marauder x2  
  54  6:07  Supply Depot  
  54  6:41  Marauder x2  
  58  6:58  Siege Tank  
  61  7:02  Marauder x2  
  61  7:05  Barracks  
  61  7:08  SCV x2  
  67  7:11  Refinery  
  67  7:20  SCV x2, Medivac  
  71  7:24  Marauder x2  
  71  7:27  Supply Depot  
  75  7:32  Terran Infantry Armor Level 1, Missile Turret  
  75  7:45  Marauder x2  
  75  7:50  Medivac  
  81  7:52  Barracks, Supply Depot  
  81  7:54  Missile Turret  
  81  7:59  Supply Depot  
  81  8:05  Sensor Tower  
  81  8:06  Marauder x2  
  81  8:09  Command Center  
  81  8:10  Siege Tank  
  88  8:21  Supply Depot  
  88  8:28  Marauder x2  
  88  8:32  Barracks Reactor  
  92  8:40  Medivac  
  94  8:44  Supply Depot  
  94  8:49  Marauder x2  
  94  8:51  Armory  
  98  8:56  Engineering Bay  
  98  9:07  Barracks Tech Lab  
  98  9:10  Marauder, Siege Tank  
  98  9:11  Marauder  
  105  9:29  SCV  
  105  9:30  SCV  
  107  9:32  Marauder x2  
  111  9:39  Terran Infantry Armor Level 2, Terran Infantry Weapons Level 2  
  111  9:42  SCV x2  
  111  9:44  Marine x2  
  115  9:53  Marauder x2  
  115  9:54  SCV x2  
  121  10:01  Marine x2  
  121  10:06  SCV x2  
  125  10:15  Marauder x2  
  125  10:17  Planetary Fortress  
  125  10:18  SCV x2  
  125  10:19  Marine x2  
  133  10:30  SCV x2  
  133  10:33  Siege Tank  
  138  10:35  Marine  
  138  10:36  Marine  
  138  10:37  Marine  
  141  11:35  SCV  
Tags
 
Add a new tag
Caveats
  • Supply blocks, unpowered buildings, or Contaminate may cause inaccurate times.
  • Supply counts are checked every 10 seconds.